 Dungeon Crawl Stone Soup version 0.19.1 (webtiles) character file.

120 dvd the Shooter (level 4, 0/45 HPs)
             Began as a High Elf Hunter on Dec 11, 2016.
             Slain by a frilled lizard (1 damage)
             ... on level 3 of the Dungeon.
             The game lasted 00:06:39 (2411 turns).

dvd the Shooter (High Elf Hunter)                   Turns: 2411, Time: 00:06:40

Health: 0/45       AC: 22    Str: 12    XL:     4   Next: 75%
Magic:  5/5        EV:  2    Int: 14    God:
Gold:   203        SH:  0    Dex: 16    Spells: 0 memorised, 3 levels left

rFire  . . .     SeeInvis .     b - +0 short sword
rCold  . . .     Gourm    .     (armour currently unavailable)
rNeg   + + +     Faith    .     (no shield)
rPois  +         Spirit   .     (helmet currently unavailable)
rElec  .         Reflect  .     (cloak currently unavailable)
rCorr  .         Harm     .     (gloves currently unavailable)
MR     .....     NoTele   +     (boots currently unavailable)
Stlth  ++........               (no amulet)
                                (no ring)
                                (no ring)

@: tree-form
A: no striking features
a: no special abilities


You were on level 3 of the Dungeon.
You were not hungry.
You were a tree.
You visited 1 branch of the dungeon, and saw 3 of its levels.

You collected 203 gold pieces.

Inventory:

Hand Weapons
 a - a +2 shortbow
 b - a +0 short sword (weapon)
 m - a cursed -1 dagger
Missiles
 d - 5 arrows
Armour
 c - a +0 leather armour
 n - a +0 pair of boots (melded)
 p - a +0 ring mail (melded)
Scrolls
 h - a scroll of random uselessness {unknown}
 j - a scroll of teleportation
 k - 2 scrolls of identify
 o - a scroll of magic mapping {unknown}
 w - a scroll of recharging
Potions
 e - a potion of curing {unknown}
 g - a potion of lignification
 l - a potion of berserk rage {unknown}
 q - a potion of heal wounds {unknown}
 s - a potion of flight
 t - a potion of degeneration {unknown}
Comestibles
 f - 7 bread rations
 i - 4 fruits
 u - 2 meat rations
 v - 3 chunks of flesh


   Skills:
 + Level 2.6 Fighting
 + Level 1.3 Short Blades
 + Level 6.8 Bows
 + Level 1.4 Armour
 + Level 2.5 Dodging
 + Level 1.2 Stealth


You had 3 spell levels left.
You didn't know any spells.

Dungeon Overview and Level Annotations

Branches:
Dungeon (3/15)

Altars:
Gozag
Trog
Yredelemnul


Message History

You hear a shout!
You hit the frilled lizard but do no damage.
The howler monkey hoots and howls with incredible vigour!
The frilled lizard bites you.
* * * LOW HITPOINT WARNING * * *
Unknown command.
You closely miss the frilled lizard. The howler monkey barely misses you.
The frilled lizard bites you.
* * * LOW HITPOINT WARNING * * *
The howler monkey closely misses you.
Unknown command.
It was a potion of lignification.
You turn into a tree.
Your +0 pair of boots melds into your body.
Your +0 ring mail melds into your body.
Your roots penetrate the ground.
The howler monkey hits you but does no damage.
The frilled lizard bites you but does no damage.
You miss the frilled lizard.
The howler monkey hits you but does no damage.
The frilled lizard bites you.
You die...

#.# #.. ###+####.# #..
#........# +.. +........#
.......#.# #........#
.......#.# #........#
.......#.# #........#
.......#l# #.......)#
.......#♣# #......).#
.......#h# #.........
.....o.#.## ########).
.......'..# #..
.......#..#############..
.......#.................
########..##########.)..<
#..###########.###
#.................


You could see a howler monkey and a frilled lizard.

Vanquished Creatures
  An iguana (D:3)
  2 adders (D:2)
  4 worms (D:2)
  2 dart slugs
  A leopard gecko (D:2)
  An orc (D:3)
  A bat (D:2)
  2 giant cockroaches
  7 goblins
  7 hobgoblins
  6 jackals
  8 kobolds
  2 ball pythons
  6 frilled lizards
  8 rats
58 creatures vanquished.

Notes
Turn   | Place    | Note
-------+----------+-------------------------------------------
     0 | D:1      | dvd the High Elf Hunter began the quest for the Orb.
     0 | D:1      | Reached XP level 1. HP: 14/14 MP: 2/2
   268 | D:1      | Reached XP level 2. HP: 19/19 MP: 3/3
   712 | D:1      | Reached skill level 6 in Bows
  1065 | D:2      | Reached XP level 3. HP: 24/24 MP: 4/4
  1288 | D:2      | Found an opulent altar of Gozag.
  1706 | D:2      | Reached XP level 4. HP: 27/30 MP: 5/5
  1797 | D:2      | Found a bloodstained altar of Trog.
  1807 | D:2      | Reached skill level 1 in Short Blades
  1876 | D:2      | Found a basalt altar of Yredelemnul.
  2283 | D:3      | Reached skill level 1 in Armour
  2409 | D:3      | HP: 1/30 [frilled lizard (2)]
  2411 | D:3      | Slain by a frilled lizard

Skill      XL: |  1  2  3  4 |
---------------+-------------+-----
Bows           | 6 |  6.8
Short Blades   | 1 |  1.3
Armour         | 1 |  1.4
Fighting       | |  2.6
Dodging        | |  2.5
Stealth        | |  1.2

Action                   |  1- 3 |  4- 6 || total
-------------------------+-------+-------++-------
Melee: Short sword       |    60 |    55 ||   115
 Fire: Shortbow          |    68 |    25 ||    93
  Use: Scroll            |       |     5 ||     5
       Potion            |       |     1 ||     1
  Eat: Chunk             |     2 |     3 ||     5
Armor: Leather armour    |     9 |       ||     9
       Ring mail         |    12 |    18 ||    30
       Skin              |       |     3 ||     3
Dodge: Dodged            |    37 |    23 ||    60
